 Dungeon Crawl Stone Soup version 0.27-a0-92-g39ad13b146 (webtiles) character file.

Game seed: 132010334649120117

327 knot the Chopper (level 6, 14/48 HPs)
             Began as a Demonspawn Berserker on Jan 16, 2021.
             Was a Believer of Trog.
             Quit the game on level 5 of the Dungeon.
             The game lasted 00:04:13 (3526 turns).

knot the Chopper (Demonspawn Berserker)             Turns: 3526, Time: 00:04:13

Health: 14/48      AC:  6    Str: 18    XL:     6   Next: 24%
Magic:  2/6        EV: 16    Int:  5    God:    Trog [**....]
Gold:   208        SH:  0    Dex: 12    Spells: 5/5 levels left

rFire    + . .     SeeInvis +   a - +0 hand axe
rCold    . . .     Faith    .   (no shield)
rNeg     + . .     Spirit   +   b - +0 animal skin
rPois    .         Reflect  .   (no helmet)
rElec    .         Harm     .   (no cloak)
rCorr    .         Rampage  .   l - +2 pair of gloves
Will     .....                  (no boots)
Stlth    +.........             (no amulet)
HPRegen  0.16/turn              z - ring of the Invisible Hand {rF+ rN+ Int-5 SInv}
MPRegen  0.20/turn              x - +4 ring of evasion

@: no status effects
A: claws 1, rugged brown scales 1, magic shield, magic regeneration
a: Renounce Religion, Berserk, Trog's Hand


You were on level 5 of the Dungeon.
You worshipped Trog.
Trog was pleased with you.
You visited 1 branch of the dungeon, and saw 5 of its levels.

You collected 208 gold pieces.

Inventory:

Hand Weapons
 a - a +0 hand axe (weapon)
Missiles
 k - 237 stones
 q - 8 boomerangs
 t - 28 sling bullets
 u - 55 poisoned darts (quivered)
Armour
 b - a +0 animal skin (worn)
 l - a +2 pair of gloves (worn)
Jewellery
 x - a +4 ring of evasion (right hand)
 y - an uncursed ring of wizardry
 z - the ring of the Invisible Hand (left hand) {rF+ rN+ Int-5 SInv}
   (You found it on level 4 of the Dungeon)

   [ring of see invisible]

   It affects your intelligence (-5).
   It protects you from fire.
   It protects you from negative energy.
   It lets you see invisible.
 A - an uncursed ring of resist corrosion {unknown}
Wands
 w - a wand of acid (6)
Scrolls
 c - 2 scrolls of amnesia {unknown}
 e - 2 scrolls of noise {unknown}
 g - 7 scrolls of identify {unknown}
 h - a scroll of fear {unknown}
 m - 3 scrolls of teleportation {unknown}
 n - 2 scrolls of remove curse {unknown}
 o - 2 scrolls of immolation {unknown}
 p - 2 scrolls of enchant armour {unknown}
 s - a scroll of blinking {unknown}
Potions
 d - 3 potions of lignification {unknown}
 f - 2 potions of haste {unknown}
 i - a potion of flight {unknown}
 j - a potion of cancellation {unknown}
 r - a potion of might {unknown}
 v - 2 potions of curing {unknown}


   Skills:
 - Level 3.0 Fighting
 * Level 6.2 Axes
 * Level 1.4 Throwing
 - Level 1.7 Armour
 - Level 1.7 Dodging


You had 5 spell levels left.
You didn't know any spells.
Your spell library was empty.

Dungeon Overview and Level Annotations

Branches:
Dungeon (5/15)
 Temple: D:4-7

Altars:
Elyvilon
Gozag
Zin
The Shining One

Shops:
D:4 *


Innate Abilities, Weirdness & Mutations

You have sharp fingernails.
You are partially covered in rugged brown scales. (AC +1, +3% HP)
When hurt, damage is shared between your health and your magic reserves.
You regenerate magic rapidly.


Message History

You hit the centaur but do no damage.
The centaur is severely wounded.
The centaur hits you.
You completely miss the centaur.
The centaur is severely wounded.
The centaur closely misses you. The centaur misses you.
You barely miss the centaur.
The centaur is severely wounded.
The centaur hits you.
You hit the centaur.
You kill the centaur!
Trog accepts your kill.
Your Throwing skill increases to level 1!
You have reached level 6!
Your experience leads to an increase in your attributes!
Your base attributes are Str 18, Int 9, Dex 12.
Increase (S)trength, (I)ntelligence, or (D)exterity?
You feel clever.
Your demonic ancestry asserts itself...
Rugged brown scales grow over part of your body.
Are you sure you want to abandon this character and quit the game? (Confirm with "yes".)

######## #......##
###.#.....#
##.#.#(##..#
#()@..(##..#####
##.#.####......#####
#.#......##.......#
#.#########.#.###.#
#. ###.#.#... .^
######.......... ..
#....<.#.#...... ..
#....†.#.##.....
#........# ....#


There were no monsters in sight!

Vanquished Creatures
  An ogre (D:4)
  A centaur (D:5)
  A howler monkey (D:4)
  A worker ant (D:5)
  A hound skeleton (D:4)
  3 adders
  2 worms
  3 dart slugs
  2 leopard geckos
  An orc (D:3)
  5 goblins
  6 hobgoblins
  4 jackals (D:1)
  6 kobolds
  3 quokkas
  8 bats
  3 frilled lizards
  11 rats
62 creatures vanquished.

Vanquished Creatures (others)
  2 plants (D:3)
2 creatures vanquished.

Grand Total: 64 creatures vanquished

Notes
Turn   | Place    | Note
-------+----------+-------------------------------------------
     0 | D:1      | knot the Demonspawn Berserker began the quest for the Orb.
     0 | D:1      | Reached XP level 1. HP: 18/18 MP: 1/1
    45 | D:1      | Reached skill level 3 in Axes
    49 | D:1      | Gained mutation: When hurt, damage is shared between your
                  | health and your magic reserves. [demonic ancestry]
    49 | D:1      | Reached XP level 2. HP: 17/24 MP: 2/2
   345 | D:1      | Reached ** piety under Trog
   601 | D:1      | Gained mutation: You regenerate magic rapidly. [demonic
                  | ancestry]
   601 | D:1      | Reached XP level 3. HP: 29/29 MP: 3/3
   816 | D:2      | Reached skill level 4 in Axes
  1858 | D:2      | Found a glowing golden altar of the Shining One.
  1997 | D:3      | Found a glowing silver altar of Zin.
  2016 | D:3      | Reached XP level 4. HP: 35/35 MP: 4/4
  2506 | D:4      | Got a warped lapis lazuli ring
  2507 | D:4      | Identified the ring of the Invisible Hand {rF+ rN+ Int-5
                  | SInv} (You found it on level 4 of the Dungeon)
  2517 | D:4      | Found Hubom's Humungous Hoard.
  2578 | D:4      | Found an opulent altar of Gozag.
  2609 | D:4      | Noticed an ogre
  2627 | D:4      | Killed an ogre
  2628 | D:4      | Reached skill level 5 in Axes
  2628 | D:4      | Gained mutation: You have sharp fingernails. [demonic
                  | ancestry]
  2628 | D:4      | Reached XP level 5. HP: 41/41 MP: 5/5
  3040 | D:4      | Found a white marble altar of Elyvilon.
  3482 | D:5      | Entered Level 5 of the Dungeon
  3488 | D:5      | Reached skill level 6 in Axes
  3508 | D:5      | Noticed a centaur
  3525 | D:5      | Killed a centaur
  3526 | D:5      | Reached skill level 1 in Throwing
  3526 | D:5      | Gained mutation: You are partially covered in rugged brown
                  | scales. (AC +1, +3% HP) [demonic ancestry]
  3526 | D:5      | Reached XP level 6. HP: 14/48 MP: 2/6
  3526 | D:5      | Quit the game

Illustrated notes

Levels and vault maps discovered:
D:1:      psy_arrival_basics, layout_rooms
D:2:      kennysheep_six_static_rooms, layout_basic,
          nicolae_overflow_crystal_walls
D:3:      cheibrodos_old_hovel, layout_rooms, overflow_temple_1_default
D:4:      layout_basic, nicolae_gozag_seed_capital, elyvilon_altar_1,
          nicolae_alphabet_shops, minmay_misc_feat_rows, st_stairs_10,
          minmay_crystal_room
D:5:      layout_loops_cross, serial_shops, nicolae_shop_trees

Skill      XL: |  1  2  3  4  5 |
---------------+----------------+-----
Axes           | 3 4 5 6 |  6.2
Throwing       | 1 |  1.4
Fighting       | |  3.0
Armour         | |  1.7
Dodging        | |  1.7

Action                   |  1- 3 |  4- 6 || total
-------------------------+-------+-------++-------
Melee: Hand axe          |   141 |    70 ||   211
Throw: Dart              |       |    30 ||    30
Invok: Berserk           |     3 |     1 ||     4
 Stab: Sleeping          |     1 |       ||     1
       Distracted        |       |     1 ||     1
Armor: Animal skin       |    34 |     9 ||    43
Dodge: Dodged            |    96 |    48 ||   144

Table legend: (Time is in decaauts)
 A = Elapsed time spent in this place.
 B = Non-inter-level travel time spent in this place.
 C = Inter-level travel time spent in this place.
 D = Time resting spent in this place.
 E = Time spent auto-exploring this place.
 F = Levels seen in this place.
 G = Mean time per level.
                   A        B        C        D        E       F      G
               +--------+--------+--------+--------+--------+-----+--------+
         Total |   3569 |   3464 |    105 |    630 |   2367 |   5 |  713.8 |
       Dungeon |   3569 |   3464 |    105 |    630 |   2367 |   5 |  713.8 |
               +--------+--------+--------+--------+--------+-----+--------+

Top non-repeatable levels by time:
     D:2: 1231 daAuts
     D:4: 990 daAuts
     D:1: 794 daAuts
     D:3: 508 daAuts
     D:5: 43 daAuts
